 Dungeon Crawl Stone Soup version 0.31-a0-192-ga50d7bf3bb (webtiles) character file.

Game seed: 15099397650727009822

28 qw the Shooter (level 3, -11/20 HPs)
             Began as a Deep Elf Hunter on June 23, 2023.
             Killed by divine providence
             ... invoked by an orc priest
              (12 damage)
             ... on level 2 of the Dungeon.
             The game lasted 00:00:20 (1593 turns).

qw the Shooter (Deep Elf Hunter)                    Turns: 1593, Time: 00:00:21

Health: -11/20     AC:  5    Str: 10    XL:     3   Next: 0%
Magic:  5/5        EV: 11    Int: 13    God:
Gold:   53         SH:  0    Dex: 18    Spells: 2/2 levels left

rFire   . . .        Y - +0 shortbow
rCold   . . .        (shield currently unavailable)
rNeg    . . .        d - +0 ring mail
rPois   .            (no helmet)
rElec   .            (no cloak)
rCorr   .            (no gloves)
SInv    .            (no boots)
Will    .....        (no amulet)
Stlth   +            (no ring)
HPRegen 0.23/turn    (no ring)
MPRegen 0.09/turn

%: no passive effects
@: no status effects
A: no striking features
a: no special abilities


You were on level 2 of the Dungeon.
You visited 1 branch of the dungeon, and saw 3 of its levels.

You collected 53 gold pieces.


   Skills:
 - Level 1.5 Fighting
 + Level 6.6 Ranged Weapons
 - Level 2.4 Dodging
 - Level 1.2 Stealth


You had 2 spell levels left.
You didn't know any spells.
Your spell library was empty.

Inventory:

Hand Weapons
 Y - a +0 shortbow (weapon)
Armour
 d - a +0 ring mail (worn)
Scrolls
 f - a scroll of identify
Potions
 b - a potion of mutation {unknown}

Dungeon Overview and Level Annotations

Branches:
Dungeon (3/15)

Altars:


Message History

You shoot an arrow.
The arrow hits the orc priest but does no damage.
The orc priest is severely wounded.
An orc wizard comes into view. It is wielding a +0 dagger.
1585 ||| Stepping ~*~*~tactically~*~*~ (outnumbered).
There is a stone staircase leading up here.
You shoot an arrow.
The arrow closely misses the orc priest.
You shoot an arrow.
The arrow hits the orc priest but does no damage.
The orc priest is severely wounded.
The orc priest hits you with a +0 club.
1588 ||| STAIRDANCE The orc priest hits you with a +0 club.
You climb upwards.
There is a stone staircase leading down here.
Enter note:
Enter note:
Enter note:
Enter note:
Enter note:
Enter note: You shoot an arrow.
The arrow barely misses the orc priest.
The orc priest hits you but does no damage.
You shoot an arrow. The arrow hits the orc priest.
The orc priest is severely wounded.
The orc priest mumbles some strange prayers to Beogh against you.
Beogh smites you!
Ouch! That really hurt!
You shoot an arrow. The arrow hits the orc priest.
The orc priest is almost dead.
The orc priest looks encouraged for a moment.
The orc priest hits you with a +0 club.
You shoot an arrow.
The arrow hits the orc priest but does no damage.
The orc priest is almost dead.
The orc priest invokes the aid of Beogh against you.
Beogh smites you!
Ouch! That really hurt!
You die...

.#.####.........# #.# #.#
.#..........###.####.# #.#
.#####...............# #.#
.####.......###.###..# #.#
............# #.###..####.####
...##.......###..............#
##.###..(............####....#
#.# ##..###.#######.# ##...#
#.# ##.# #...o@..#.# #..## #.#
#)###.#####.#.### #..# #.#
##...## #.#...###..# #.# #.#.#
#.##...##..# #.# #.#.#
#)....%....# #.# #.#.#
####....#### #.# #.#.# ##.#.##
#.# #.#.##########....# #.#
#.#.........####..#


You could see an orc priest.

Vanquished Creatures
  An adder (D:2)
  A worm (D:2)
  An orc (D:3)
  A bat (D:2)
  2 endoplasms (D:1)
  A giant cockroach (D:1)
  2 goblins
  2 hobgoblins (D:2)
  A quokka (D:1)
  A frilled lizard (D:2)
  A rat (D:1)
14 creatures vanquished.

Notes
Turn   | Place    | Note
-------+----------+-------------------------------------------
     0 | D:1      | qw the Deep Elf Hunter began the quest for the Orb.
     0 | D:1      | Reached XP level 1. HP: 12/12 MP: 3/3
     0 | D:1      | 0 ||| qw: Version: 0.3-a-9-g12657ce
     0 | D:1      | 0 ||| qw: Game counter: 4554
     0 | D:1      | 0 ||| qw: Always use a shield: true
     0 | D:1      | 0 ||| qw: God list: Okawaru
     0 | D:1      | 0 ||| qw: Allow faded altars: false
     0 | D:1      | 0 ||| qw: Do Orc after D:15 true
     0 | D:1      | 0 ||| qw: Do second Lair branch before Depths: true
     0 | D:1      | 0 ||| qw: Lair rune preference: random
     0 | D:1      | 0 ||| qw: Plans: Normal
     0 | D:1      | 0 ||| PLANNING D:1-11
   753 | D:1      | 753 ||| UPGRADING to +0 ring mail.
   763 | D:1      | 763 ||| DROPPING +0 leather armour.
   764 | D:1      | 764 ||| DROPPING ring of wizardry.
   765 | D:1      | 765 ||| DROPPING scroll of butterflies.
   900 | D:2      | Reached skill level 6 in Ranged Weapons
   900 | D:2      | Reached XP level 2. HP: 15/16 MP: 4/4
  1045 | D:2      | HP: 4/16 [worm (1)]
  1539 | D:2      | 1539 ||| READING scroll labelled NAOFOZX TOLI.
  1540 | D:2      | 1540 ||| READING scroll labelled CUFOCEOS IREYNN.
  1541 | D:2      | 1541 ||| READING 2 scrolls labelled LENAOZ FIETIN.
  1542 | D:2      | 1542 ||| READING scroll labelled ERENKICANK.
  1582 | D:3      | Reached XP level 3. HP: 20/20 MP: 5/5
  1585 | D:3      | 1585 ||| Stepping ~*~*~tactically~*~*~ (outnumbered).
  1588 | D:3      | 1588 ||| STAIRDANCE
  1591 | D:2      | HP: 5/20 [orc priest/divine providence (11)]
  1592 | D:2      | HP: 1/20 [orc priest/+0 club (4)]
  1593 | D:2      | Killed from afar by an orc priest

Levels and vault maps discovered:
D:1:      dpeg_arrival_tiny_c, layout_loops_cross, grunt_decor_clamped,
          hangedman_decor_diamond_cutter, patterned_corridor
D:2:      layout_loops_ring
D:3:      layout_loops_ring, lemuel_round_altar, eino_curves_02,
          minmay_misc_feat_room

Skill      XL: |  1 |
---------------+----+-----
Ranged Weapons | 6 |  6.6
Fighting       | |  1.5
Dodging        | |  2.4
Stealth        | |  1.2

Action                     || total
---------------------------++-------
   Fire: Shortbow          ||    63
    Use: Scroll            ||     4
 Armour: Leather armour    ||     2
         Ring mail         ||     2
  Dodge: Dodged            ||     9

Table legend:
 A = Non-vault XP
 B = Vault XP
 C = Vault XP percentage of total XP
 D = Non-vault monster count
 E = Vault monster count
 F = Vault count percentage of total count
                 A         B        C        D         E       F
            +---------+---------+-------+---------+---------+-------
      Total |      41 |       0 |   0.0 |      14 |       0 |   0.0
            +---------+---------+-------+---------+---------+-------
        D:1 |      11 |       0 |   0.0 |       6 |       0 |   0.0
        D:2 |      27 |       0 |   0.0 |       7 |       0 |   0.0
        D:3 |       3 |       0 |   0.0 |       1 |       0 |   0.0
            +---------+---------+-------+---------+---------+-------
